 Dungeon Crawl Stone Soup version 0.18-a0-1024-gf1736fb (webtiles) character file.

290 astax the Covered (level 6, 0/48 HPs)
             Began as a Human Fighter on Jan 7, 2016.
             Was a Follower of Okawaru.
             Slain by a scorpion (8 damage)
             ... on level 4 of the Dungeon.
             The game lasted 00:26:41 (3831 turns).

astax the Covered (Human Fighter)                   Turns: 3831, Time: 00:26:41

Health: 0/48       AC:  7    Str: 18    XL:     6   Next: 58%
Magic:  6/6        EV:  7    Int:  9    God:    Okawaru [*.....]
Gold:   111        SH: 10    Dex: 12    Spells: 1 memorised, 3 levels left

rFire  . . .     SeeInvis .     a - +0 long sword
rCold  . . .     Gourm    .     b - +0 scale mail
rNeg   . . .     Faith    .     c - +1 shield
rPois  .         Spirit   .     (no helmet)
rElec  .         Dismiss  .     (no cloak)
rCorr  .         Reflect  .     (no gloves)
SustAt .         Harm     .     (no boots)
MR     .....                    (no amulet)
Stlth  ..........               (no ring)
                                (no ring)

@: lethally poisoned (0 -> -15), not resistant to hostile enchantments,
extremely unstealthy
A: no striking features
a: Heroism, Renounce Religion


You were on level 4 of the Dungeon.
You worshipped Okawaru.
Okawaru was aware of your devotion.
You were very hungry.

You visited 1 branch of the dungeon, and saw 4 of its levels.

You collected 111 gold pieces.

Inventory:

Hand Weapons
 a - a +0 long sword (weapon)
Missiles
 y - 29 stones (quivered)
Armour
 b - a +0 scale mail (worn)
 c - a +1 shield (worn)
 d - a +0 ring mail
 e - a +0 ring mail
 f - a +0 ring mail
 k - a +0 ring mail
 o - a +0 pair of gloves
Jewellery
 h - an uncursed ring of ice {unknown}
 n - a +4 ring of intelligence {unknown}
 x - an uncursed amulet of harm {unknown}
Scrolls
 g - 2 scrolls of noise
 i - a scroll of immolation
 u - a scroll of magic mapping
Potions
 j - a potion of lignification {unknown}
 l - a potion of curing {unknown}
 r - a potion of cancellation {unknown}
 s - 2 potions of agility {unknown}
Books
 q - a book of Minor Magic

   Spells                             Type                      Level
   a - Magic Dart                     Conjuration                  1
   b - Blink                          Translocation                2
   c - Call Imp                       Summoning                    2
   d - Repel Missiles                 Charms/Air                   2
   e - Slow                           Hexes                        2
   f - Conjure Flame                  Conjuration/Fire             3
   g - Mephitic Cloud                 Conjuration/Poison/Air       3
Comestibles
 m - 3 meat rations
 z - 4 fruits


   Skills:
 + Level 4.2 Fighting
 + Level 3.2 Long Blades
 + Level 5.0 Armour
 + Level 3.8 Shields
 + Level 0.1 Spellcasting


You had 3 spell levels left.
You knew the following spells:

 Your Spells              Type           Power        Failure   Level  Hunger
a - Blink                 Tloc           N/A          100%        2    ###....


Dungeon Overview and Level Annotations

Branches:
Dungeon (4/15)
 Temple: D:4-7

Altars:
Gozag
Kikubaaqudgha
Makhleb
Nemelex Xobeh
Okawaru
Zin

Annotations:
D:1 3down


Message History

You hit the scorpion.
The scorpion is severely wounded.
You feel very sick. The scorpion stings you.
You are lethally poisoned!
The scorpion poisons you!
You closely miss the scorpion.
The scorpion is severely wounded.
You feel sick. The scorpion stings you!
* * * LOW HITPOINT WARNING * * *
The scorpion closely misses you.
You barely miss the scorpion.
The scorpion is severely wounded.
* * * LOW HITPOINT WARNING * * *
You feel sick. You block the scorpion's attack.
You closely miss the scorpion.
The scorpion is severely wounded.
* * * LOW HITPOINT WARNING * * *
You feel sick. The scorpion stings you!
You die...

########
#......#
#......#
#......#
#......#
#......#
#......######
#.....@.....#
#####s#.....#
#..#.....#
#..#.....#
#..#.....#
#..#.....#
#..#.......
#..#........
#........


You could see a scorpion.

Vanquished Creatures
  An ogre (D:3)
  The ghost of Praisetheabu the Vexing, an amateur KoAM of Ashenzari (D:3)
  4 gnolls
  4 adders
  A shadow imp (D:2)
  An ooze (D:4)
  A worm (D:3)
  2 giant geckos (D:3)
  An orc (D:3)
  4 giant cockroaches
  4 goblins
  7 hobgoblins
  4 jackals
  2 ball pythons
  5 bats
  4 giant newts
  3 kobolds
  3 rats
52 creatures vanquished.

Notes
Turn   | Place    | Note
--------------------------------------------------------------
     0 | D:1      | astax the Human Fighter began the quest for the Orb.
     0 | D:1      | Reached XP level 1. HP: 18/18 MP: 1/1
   170 | D:1      | Reached XP level 2. HP: 24/24 MP: 2/2
   662 | D:2      | Reached XP level 3. HP: 21/29 MP: 3/3
  1316 | D:2      | Found an iron altar of Okawaru.
  1323 | D:2      | Became a worshipper of Warmaster Okawaru
  1505 | D:3      | Found an opulent altar of Gozag.
  1506 | D:3      | Found a sparkling altar of Nemelex Xobeh.
  1562 | D:3      | Found a faded altar to an unknown god.
  1632 | D:3      | Reached XP level 4. HP: 35/35 MP: 4/4
  1860 | D:3      | Found a glowing silver altar of Zin.
  1908 | D:3      | Noticed Praisetheabu's ghost (amateur KoAM)
  2130 | D:3      | Killed Praisetheabu's ghost
  2130 | D:3      | Reached skill level 4 in Armour
  2130 | D:3      | Reached XP level 5. HP: 17/42 MP: 5/5
  2864 | D:2      | Reached XP level 6. HP: 36/48 MP: 6/6
  2962 | D:3      | Found a burning altar of Makhleb.
  3410 | D:3      | Found an ancient bone altar of Kikubaaqudgha.
  3565 | D:3      | Learned a level 2 spell: Blink
  3565 | D:3      | Noticed a spatial vortex
  3565 | D:3      | Noticed a spatial vortex
  3620 | D:4      | Noticed an ogre
  3647 | D:3      | Killed an ogre
  3647 | D:3      | Reached * piety under Okawaru
  3647 | D:3      | Reached skill level 5 in Armour
  3831 | D:4      | Slain by a scorpion

Vault maps used:
D:1:      mrwooster_arrival_statue_3, corner_web_ring
D:2:      okawaru_metal_pillars_1_2
D:3:      lemuel_doored_altar, lemuel_coloured_pillars_altar, bloody_makhleb,
          grunt_temple_overflow_opulence, ecumenical_altar_2, minmay_unequal

Action                   |  1- 3 |  4- 6 || total
-------------------------+-------+-------++-------
Melee: Long sword        |    96 |   109 ||   205
  Use: Potion            |       |     1 ||     1
       Scroll            |       |     8 ||     8
  Eat: Chunk             |     2 |     2 ||     4
       Bread ration      |       |     1 ||     1
